Map: Rainfall LE

Players

Xperion - Winner!

  • Race: Protoss Protoss

A.I. 1 (Harder)

  • Race: Terran Terran

VOD

Have the link to the VOD?

Description

Time

  • Played on: Aug. 27, 2026, 12:40 p.m.
  • Length: 29:40
Show
View Real Time Build Order
Export as new Build Order

Xperion Protoss - Winner!

Build Orders:  

Get SALT Encoding   

  8  0:02  Probe (Chrono Boost)  
  9  0:15  Probe (Chrono Boost)  
  10  0:22  Probe (Chrono Boost)  
  11  0:29  Probe  
  12  0:39  Pylon  
  12  0:41  Probe  
  13  0:57  Probe  
  14  1:06  Assimilator  
  14  1:09  Probe  
  15  1:21  Probe (Chrono Boost)  
  15  1:24  Gateway  
  17  1:33  Probe (Chrono Boost)  
  17  1:40  Probe (Chrono Boost)  
  18  1:47  Probe  
  19  2:00  Probe  
  20  2:09  Assimilator  
  20  2:12  Probe, Cybernetics Core  
  21  2:37  Nexus  
  21  2:43  Warp Gate (Chrono Boost)  
  21  3:01  Assimilator  
  21  3:07  Pylon  
  21  3:12  Pylon  
  21  3:18  Robotics Facility  
  21  3:25  Zealot, Probe  
  24  3:32  Twilight Council  
  24  3:33  Gateway  
  24  3:37  Probe  
  25  3:45  Assimilator  
  25  3:49  Probe  
  28  4:07  Probe  
  29  4:10  Probe  
  29  4:13  Charge (Chrono Boost)  
  29  4:14  Stalker  
  29  4:16  Pylon  
  30  4:19  Probe  
  30  4:22  Probe  
  31  4:31  Probe  
  31  4:36  Gateway  
  32  4:39  Gateway  
  32  4:46  Pylon  
  32  4:53  Forge  
  32  5:07  Immortal  
  36  5:25  Protoss Ground Weapons Level 1  
  36  5:31  Templar Archives  
  36  5:34  Stalker  
  36  5:35  Stalker  
  40  5:44  Pylon  
  40  5:45  Probe  
  40  5:48  Probe  
  42  5:57  Probe  
  42  6:00  Psionic Storm  
  43  6:09  Robotics Bay, Probe  
  44  6:21  Stalker, Probe  
  47  6:30  Pylon  
  47  6:33  Probe  
  47  6:35  Pylon  
  47  6:38  Pylon  
  48  6:45  Probe  
  49  6:57  Extended Thermal Lance  
  49  7:04  Probe  
  50  7:09  Stalker  
  50  7:10  Stalker, Zealot  
  50  7:11  Zealot  
  58  7:16  Probe  
  58  7:21  Pylon  
  59  7:25  Pylon  
  59  7:28  Probe  
  60  7:30  Pylon  
  60  7:33  Pylon  
  60  7:40  Probe  
  61  7:48  Stalker, Zealot x2  
  67  7:52  Probe  
  68  8:04  Probe  
  68  8:05  Shield Battery  
  69  8:14  Colossus  
  75  8:24  Robotics Facility  
  75  8:30  Stalker x2  
  75  8:31  Zealot x2  
  83  8:51  Probe  
  84  8:58  Stalker  
  84  8:59  Stalker  
  84  9:00  Sentry  
  84  9:02  Shield Battery  
  90  9:03  Zealot  
  90  9:04  Probe  
  91  9:16  Probe, Shield Battery  
  61  9:34  Stalker x2  
  61  9:35  Zealot x2  
  69  9:42  Gateway  
  69  9:45  Gateway  
  69  9:54  Immortal  
  73  10:07  Shield Battery  
  59  10:26  Stalker  
  59  10:27  Stalker x2  
  62  10:31  Colossus (Chrono Boost)  
  62  10:32  Stalker  
  64  10:42  Immortal (Chrono Boost)  
  68  11:04  Protoss Ground Weapons Level 2  
  68  11:08  Stalker  
  68  11:09  Zealot  
  68  11:10  Zealot  
  74  11:12  Colossus  
  74  11:16  Observer  
  81  11:19  Probe  
  82  11:31  Probe  
  83  11:34  Immortal  
  83  11:37  Shield Battery  
  87  11:43  Probe  
  88  11:47  Pylon  
  88  11:55  Probe  
  88  11:56  Pylon  
  89  12:02  Stalker  
  89  12:03  Stalker, Zealot  
  89  12:08  Probe, High Templar x2  
  98  12:09  High Templar  
  102  12:16  Shield Battery  
  102  12:17  Archon  
  102  12:20  Probe  
  103  12:35  Probe  
  103  12:36  Probe  
  105  12:37  Nexus  
  105  12:47  Probe, Stalker  
  105  12:48  Stalker x2, Probe  
  107  12:59  Probe  
  91  14:01  Zealot x3  
  91  14:02  Zealot  
  94  14:24  Zealot x2  
  94  14:25  Zealot  
  100  14:32  Probe  
  100  14:35  Probe  
  100  14:37  Shield Battery  
  102  14:38  Probe  
  102  14:45  Probe  
  104  14:47  Probe  
  104  14:49  High Templar x2  
  104  14:50  High Templar x3  
  104  14:51  Probe, High Templar  
  118  14:56  Pylon  
  118  14:57  Probe  
  118  14:59  Probe  
  120  15:00  Pylon  
  120  15:02  Shield Battery  
  120  15:03  Probe  
  120  15:04  Archon  
  120  15:06  Archon  
  121  15:09  Probe  
  121  15:12  Probe  
  123  15:15  Probe  
  123  15:21  Probe  
  125  15:28  Zealot x2  
  129  15:29  High Templar  
  129  15:30  High Templar x2  
  129  15:31  High Templar  
  137  15:38  Archon  
  137  15:39  Archon  
  127  16:17  Zealot x4  
  127  16:18  Zealot x2  
  131  17:05  Assimilator  
  131  17:06  Assimilator  
  131  17:07  Probe  
  132  17:12  Stalker  
  132  17:13  Stalker  
  136  17:18  Immortal  
  136  17:19  Probe  
  136  17:21  Shield Battery  
  141  17:24  Shield Battery  
  141  17:28  Shield Battery  
  141  17:29  Shield Battery  
  141  17:31  Probe  
  142  17:41  Pylon  
  142  17:43  Pylon  
  142  17:45  Pylon  
  142  17:48  Pylon  
  142  17:50  Pylon  
  142  17:52  Pylon  
  142  17:56  Pylon  
  142  17:59  Immortal  
  142  18:01  Colossus, Probe  
  142  18:03  Probe  
  154  18:13  Probe  
  154  18:15  Probe  
  154  18:17  High Templar x2  
  154  18:18  High Templar x3  
  166  18:23  Archon  
  166  18:25  Probe  
  167  18:29  Nexus  
  167  18:38  Zealot  
  169  18:54  Colossus  
  175  18:56  Zealot x3  
  175  18:57  Zealot x2  
  185  19:05  Pylon  
  185  19:09  Gateway  
  185  19:13  Gateway  
  183  19:17  Gateway  
  183  19:19  Gateway  
  167  19:25  Gateway  
  167  19:28  Gateway  
  109  20:11  Zealot  
  109  20:12  Zealot x3  
  109  20:13  Zealot  
  123  20:21  Colossus, Immortal  
  117  21:00  Immortal  
  119  21:14  Colossus  
  119  21:17  Zealot x3  
  119  21:18  Zealot x3  
  131  21:39  Observer  
  130  21:57  Disruptor  
  134  22:05  Stalker x3  
  134  22:06  Stalker x2  
  134  22:07  Stalker  
  134  23:20  Zealot x2  
  134  23:21  Zealot x2  
  140  24:22  Colossus, Immortal  
  150  24:50  Zealot x2  
  150  24:51  Zealot  
  152  24:55  Zealot x3  
  158  25:01  Immortal  
  162  25:15  Colossus  
  162  25:19  Nexus  
  156  25:55  Zealot  
  156  25:56  Zealot x3  
  156  25:57  Zealot x2  
  159  26:45  Blink  
  159  26:46  Protoss Ground Weapons Level 3  
  159  26:52  Gravitic Boosters  
  159  26:55  Colossus, Immortal  
  169  27:06  Zealot x3  
  169  27:07  Zealot x3  
  181  27:31  Assimilator  
  181  27:33  Assimilator  
  181  27:34  Immortal  
  185  27:37  Assimilator  
  185  27:40  Assimilator  
  185  27:42  Zealot  
  185  27:43  Stalker x4  
  195  27:56  Immortal  
Show
View Real Time Build Order
Export as new Build Order

A.I. 1 (Harder) Terran 

Build Orders:  

Get SALT Encoding   

  8  0:00  SCV  
  9  0:13  SCV  
  10  0:25  SCV  
  11  0:37  SCV  
  12  0:46  Supply Depot  
  12  0:49  SCV  
  13  1:07  SCV  
  13  1:10  Barracks  
  14  1:19  SCV  
  15  1:31  SCV  
  16  1:42  Command Center  
  16  1:43  SCV  
  17  1:56  SCV  
  17  1:58  Marine  
  19  2:05  Supply Depot  
  19  2:08  Orbital Command  
  19  2:13  Refinery  
  19  2:16  Marine  
  20  2:29  Barracks  
  20  2:34  SCV  
  20  2:35  Refinery  
  21  2:38  Marine  
  22  2:47  SCV  
  22  2:49  Supply Depot  
  23  2:58  Barracks Tech Lab  
  23  3:10  Refinery  
  23  3:17  SCV, Marauder  
  23  3:19  SCV  
  27  3:29  SCV  
  27  3:30  Factory  
  28  3:39  SCV  
  29  3:43  SCV  
  30  3:51  SCV  
  30  3:55  Barracks Tech Lab, SCV  
  32  4:03  SCV  
  32  4:07  SCV  
  34  4:11  Factory  
  34  4:15  Factory Tech Lab  
  34  4:16  SCV  
  35  4:28  Starport  
  35  4:33  Refinery  
  35  4:35  Siege Tank  
  38  4:40  Starport  
  38  4:46  Marine  
  39  4:54  Factory Tech Lab  
  39  4:57  Marauder  
  41  5:01  SCV  
  41  5:02  Supply Depot  
  41  5:06  Starport Tech Lab  
  42  5:08  Hellion, SCV  
  42  5:13  SCV  
  46  5:16  Starport Tech Lab  
  46  5:18  Siege Tank  
  46  5:19  Stimpack  
  46  5:20  SCV  
  50  5:25  SCV  
  51  5:29  Combat Shield  
  51  5:32  SCV  
  52  5:36  Supply Depot  
  52  5:37  SCV  
  53  5:44  Engineering Bay  
  53  5:45  SCV  
  54  5:51  SCV  
  56  5:57  SCV  
  56  6:01  Marine  
  56  6:03  SCV  
  58  6:09  SCV, Supply Depot  
  58  6:11  Terran Infantry Armor Level 1, Marine  
  59  6:15  SCV  
  61  6:21  SCV  
  61  6:22  Marine  
  63  6:31  SCV  
  64  6:33  Marine, Supply Depot, SCV  
  66  6:43  SCV  
  66  6:44  Marauder  
  69  6:48  Concussive Shells  
  69  6:55  SCV x2, Marauder  
  69  6:57  Supply Depot  
  73  7:06  Marauder  
  73  7:07  SCV  
  76  7:16  Viking  
  76  7:18  SCV  
  76  7:19  SCV, Missile Turret  
  76  7:22  Supply Depot  
  80  7:27  Hellion  
  82  7:30  Missile Turret  
  82  7:32  Missile Turret  
  82  7:34  Missile Turret  
  82  7:38  Hellion  
  82  7:40  Sensor Tower  
  82  7:41  Armory  
  82  7:44  SCV, Raven  
  87  7:46  Supply Depot, SCV, Raven  
  87  7:48  Siege Tank  
  87  7:49  Bunker  
  92  7:55  Barracks  
  92  7:57  Bunker  
  92  7:59  Siege Tank  
  92  8:05  Terran Infantry Weapons Level 1  
  95  8:12  Supply Depot  
  95  8:20  Siege Tank  
  98  8:42  Barracks Reactor  
  98  9:03  Medivac x2  
  98  9:04  Marine  
  98  9:08  Supply Depot, Marine  
  104  9:10  Starport  
  104  9:12  Factory  
  104  9:13  Command Center, Hellion  
  99  9:21  Marine  
  99  9:22  Marine  
  97  9:26  Marine  
  97  9:30  Marine  
  99  9:31  Supply Depot  
  99  9:33  Medivac, Raven  
  99  9:35  Siege Tank  
  99  9:38  Terran Vehicle Weapons Level 1  
  106  9:39  Marine  
  106  9:43  Marine  
  108  9:46  Starport Reactor  
  108  9:48  Hellion  
  108  9:52  Marine  
  111  9:53  Engineering Bay  
  111  9:55  Supply Depot  
  111  9:56  Factory Tech Lab, Infernal Pre-Igniter, Marine  
  111  9:59  Terran Infantry Armor Level 2  
  112  10:00  Marine  
  116  10:07  Siege Tank  
  116  10:09  Hellion  
  116  10:13  Marine  
  106  10:14  Ghost Academy  
  106  10:18  Terran Infantry Weapons Level 2, Siege Tank  
  95  10:25  SCV  
  95  10:26  SCV x2  
  95  10:31  Siege Tank  
  98  10:36  Refinery  
  98  10:37  Missile Turret, SCV  
  98  10:39  Siege Tank, Missile Turret, SCV  
  98  10:40  Refinery  
  98  10:41  SCV  
  104  10:49  SCV  
  105  10:50  Hellion  
  107  11:00  Bunker  
  107  11:03  Siege Tank  
  110  11:11  Siege Tank x2  
  116  11:21  Fusion Core  
  116  11:30  Armory  
  116  11:32  Terran Vehicle And Ship Armor Level 1  
  115  12:23  SCV  
  115  12:24  Command Center  
  116  12:43  Marine x2, Marauder x2  
  122  12:48  Supply Depot  
  105  12:59  Raven  
  105  13:01  Marine x2  
  105  13:04  Marine x2  
  82  13:14  Viking x2, Hellion, Medivac  
  82  13:15  Hellion x2  
  82  13:19  Marine x2, SCV  
  86  13:22  Marine  
  86  13:23  Marauder  
  82  13:29  SCV  
  82  13:31  SCV  
  82  13:33  Viking  
  84  13:36  Marine  
  84  13:37  SCV, Marine  
  84  13:38  Hellion  
  84  13:39  Hellion  
  84  13:40  Marine  
  86  13:44  Viking, Marauder, Medivac  
  86  13:45  Raven, Ghost Academy  
  86  13:46  Refinery  
  84  13:50  Refinery  
  84  13:54  Marine x2  
  77  13:58  Marine  
  77  13:59  Factory, Hellion  
  77  14:01  Hellion  
  82  14:03  Viking  
  82  14:05  Marine  
  85  14:12  Marine x2  
  85  14:13  Medivac  
  85  14:14  Viking  
  85  14:16  Marine  
  91  14:19  Raven, Ghost Academy  
  91  14:23  Marine  
  91  14:29  SCV  
  91  14:30  Marine x2  
  94  14:31  SCV  
  94  14:33  SCV, Marine  
  94  14:35  SCV  
  98  14:40  Marine  
  98  14:41  SCV  
  98  14:42  Factory Tech Lab  
  98  14:43  SCV  
  102  14:45  SCV  
  102  14:48  SCV, Marine x2  
  102  14:52  Marauder  
  107  14:54  SCV  
  107  14:55  SCV  
  107  14:58  SCV, Marine  
  111  15:06  Marine x2  
  113  15:13  Marauder  
  115  15:16  Marine  
  115  15:20  Missile Turret  
  116  15:23  Marine x2, Missile Turret  
  118  15:29  Fusion Core  
  118  15:32  Armory  
  118  15:34  Marine, Marauder  
  121  15:41  Marine x2  
  123  15:43  Siege Tank  
  123  15:44  Neosteel Armor, Terran Ship Weapons Level 1, Hi-Sec Auto Tracking  
  123  15:45  Supply Depot  
  123  15:46  Widow Mine  
  123  15:47  Banshee  
  129  15:50  Siege Tank  
  129  15:52  Banshee  
  129  15:54  Marine  
  129  15:57  Marine  
  113  15:59  Marine  
  113  16:01  Marine  
  89  16:07  Viking, Widow Mine  
  89  16:10  Viking  
  94  16:13  Marauder  
  94  16:16  Thor  
  94  16:17  Marine  
  102  16:18  Marine  
  102  16:19  Marine  
  104  16:31  Raven  
  102  16:33  SCV  
  102  16:34  Marine  
  102  16:35  Marine, Medivac  
  102  16:36  Marine  
  102  16:37  Marine  
  102  16:39  Viking  
  101  16:42  Terran Infantry Armor Level 3  
  101  16:44  Viking  
  99  16:48  Hellion  
  99  16:50  Hellion  
  99  16:51  Marine  
  99  16:52  Marine  
  105  16:54  Marine  
  105  16:56  Marine  
  105  16:59  Siege Tank  
  110  17:05  Raven, SCV  
  113  17:09  Widow Mine  
  113  17:10  Marauder, Marine  
  113  17:11  Siege Tank  
  113  17:14  Marine  
  113  17:15  Marauder  
  124  17:24  Bunker, Terran Infantry Weapons Level 3  
  124  17:28  Marine  
  125  17:31  Marauder  
  125  17:32  Marine  
  125  17:36  Marauder  
  130  17:38  Terran Vehicle And Ship Armor Level 2  
  130  17:46  Marine, Armory  
  130  17:49  Command Center  
  130  17:50  Marine  
  132  17:52  Marine  
  132  17:57  Marine  
  134  18:04  Marine  
  135  18:08  Marine  
  135  18:10  Marauder  
  137  19:01  SCV  
  138  19:10  Refinery  
  138  19:11  Marauder  
  138  19:12  Missile Turret  
  138  19:14  Marauder  
  138  19:16  Missile Turret  
  142  19:18  Widow Mine  
  142  19:19  Refinery  
  142  19:20  Drilling Claws  
  142  19:21  Widow Mine  
  142  19:23  Marine  
  141  19:26  Marine  
  141  19:30  Supply Depot  
  120  19:32  Marine  
  120  19:35  Marine  
  120  19:37  Bunker  
  112  19:41  Marine  
  112  19:42  Viking  
  112  19:44  Marine  
  104  19:49  Medivac  
  104  19:50  Marauder  
  104  19:51  Viking, SCV  
  98  19:53  Marauder, Terran Vehicle Weapons Level 2  
  98  19:56  Medivac  
  98  19:57  SCV  
  98  19:59  Marine  
  85  20:00  SCV, Widow Mine  
  85  20:02  Marine  
  85  20:04  Widow Mine  
  85  20:06  Siege Tank  
  86  20:11  Marine  
  86  20:12  Medivac  
  83  20:14  SCV  
  83  20:15  Marauder  
  83  20:17  Marine  
  83  20:21  Marine, Raven  
  90  20:22  Widow Mine  
  90  20:27  Raven  
  90  20:28  Widow Mine  
  91  20:29  Marine  
  91  20:34  Marine  
  90  20:37  Marauder  
  90  20:38  Marine  
  90  20:41  Widow Mine  
  92  20:43  SCV  
  92  20:47  Marine  
  91  20:50  Viking  
  91  20:51  SCV  
  91  20:52  Marine  
  91  20:53  Viking  
  91  20:55  Raven  
  91  20:56  Marine  
  89  20:59  Marine  
  89  21:00  SCV  
  89  21:01  Medivac  
  89  21:02  SCV  
  85  21:05  SCV, Marine  
  85  21:08  Widow Mine  
  85  21:10  Marine  
  85  21:11  SCV  
  85  21:14  Marine  
  85  21:17  Marine, Siege Tank, Armory  
  91  21:20  Medivac  
  91  21:23  Marine  
  92  21:26  Widow Mine  
  92  21:28  Marine  
  92  21:32  Marine  
  93  21:34  Marine  
  93  21:35  Widow Mine  
  93  21:40  Marine  
  93  21:46  Marine  
  88  21:48  Widow Mine  
  88  21:50  Marine  
  88  21:52  Marine  
  88  21:53  Viking  
  92  21:56  Fusion Core, Viking  
  92  21:59  Marine  
  92  22:00  Raven  
  90  22:01  SCV  
  90  22:04  Marine  
  90  22:07  SCV, Marine  
  95  22:08  Widow Mine  
  95  22:10  Terran Vehicle And Ship Armor Level 3  
  95  22:11  Marauder  
  95  22:13  SCV  
  95  22:14  SCV  
  92  22:16  Viking  
  92  22:17  Marine, Hellion, SCV  
  92  22:18  Hellion, SCV  
  92  22:21  Marine  
  95  22:23  Viking, SCV  
  95  22:25  Marine  
  92  22:30  Hellion  
  92  22:32  Marine  
  92  22:34  Raven, Marine  
  92  22:36  SCV  
  90  22:38  Command Center  
  90  22:39  Widow Mine, Marine  
  90  22:43  Marine, SCV  
  87  22:47  Raven  
  87  22:50  Marine, Siege Tank  
  80  22:51  Factory Reactor  
  80  22:52  Marine  
  80  22:53  Factory Tech Lab  
  80  22:57  Marine  
  76  23:01  Marine  
  76  23:04  Hellion  
  66  23:08  Raven  
  66  23:09  Marine  
  66  23:10  Marine  
  64  23:15  Marine  
  61  23:21  Medivac, Marine  
  61  23:23  Hellion  
  61  23:25  Hellion  
  60  23:28  Marine  
  60  23:31  SCV  
  60  23:32  Marine  
  60  23:36  SCV, Marine  
  60  23:39  SCV  
  52  23:42  SCV, Medivac  
  52  23:44  Hellion  
  52  23:46  Siege Tank  
  52  23:47  SCV  
  60  23:49  Starport, SCV, Marauder  
  60  23:50  SCV  
  60  23:51  Viking  
  60  23:52  SCV, Marine  
  60  23:54  SCV  
  62  23:55  Barracks Reactor  
  62  23:59  SCV  
  62  24:01  SCV  
  58  24:04  SCV, Factory  
  58  24:05  Siege Tank  
  58  24:06  SCV x2  
  62  24:10  Marine  
  62  24:11  Marauder, SCV  
  62  24:12  Viking  
  62  24:13  SCV  
  62  24:16  SCV  
  63  24:18  Thor  
  63  24:21  Medivac  
  66  24:27  SCV  
  66  24:28  Marine  
  66  24:29  SCV  
  69  24:31  Marine  
  69  24:32  SCV  
  69  24:33  SCV  
  69  24:34  SCV  
  69  24:37  Thor  
  77  24:39  SCV  
  77  24:41  SCV  
  77  24:42  Viking  
  76  24:46  Marine  
  76  24:47  SCV, Hellion  
  76  24:50  Marauder  
  74  24:53  SCV x2  
  74  24:59  SCV  
  69  25:01  Cyclone, SCV  
  69  25:04  Marine  
  69  25:05  SCV  
  69  25:10  SCV  
  69  25:11  Marine  
  62  25:19  SCV  
  62  25:20  Siege Tank  
  56  25:22  Marine  
  56  25:23  SCV x2  
  58  25:31  SCV  
  12  26:40  Command Center  
  10  28:03  SCV  
  10  28:24  SCV  
  10  28:45  SCV  
  8  28:57  SCV  
Tags
 
Add a new tag
Caveats
  • Supply blocks, unpowered buildings, or Contaminate may cause inaccurate times.
  • Supply counts are checked every 10 seconds.